 Dungeon Crawl Stone Soup version 0.27-a0-1006-g1fd4cec11e (webtiles) character file.

Game seed: 2763358200615134828

3486 spiderkeys the Schismatic (level 9, 0/71 HPs)
             Began as a Demonspawn Abyssal Knight on Apr 17, 2021.
             Was an Elder of Lugonu.
             Slain by a vampire (6 damage)
             ... on level 8 of the Dungeon.
             The game lasted 00:17:11 (9007 turns).

spiderkeys the Schismatic (DsAK)                    Turns: 9007, Time: 00:17:12

Health: 0/71       AC: 16    Str: 15    XL:     9   Next: 79%
Magic:  15/15      EV:  9    Int: 15    God:    Lugonu [****..]
Gold:   1658       SH:  0    Dex: 12    Spells: 8/8 levels left

rFire    . . .     SeeInvis .   g - +5 spear (freeze)
rCold    . . .     Faith    .   (no shield)
rNeg     . . .     Spirit   .   k - +0 plate armour
rPois    .         Reflect  .   r - +1 helmet
rElec    .         Harm     .   (no cloak)
rCorr    .         Rampage  .   (no gloves)
Will     .....                  (no boots)
Stlth    ..........             c - amulet of magic regeneration
HPRegen  0.21/turn              L - ring of flight
MPRegen  0.39/turn              E - +4 ring of evasion

@: flying
A: hooves 1, molten scales 1, foul stench 1, spiny 2
a: Renounce Religion, Depart the Abyss, Bend Space, Banish, Corrupt


You were on level 8 of the Dungeon.
You worshipped Lugonu.
Lugonu was greatly pleased with you.
You visited 1 branch of the dungeon, and saw 8 of its levels.
You visited the Abyss 1 time.
You also visited: Ossuary.

You collected 1658 gold pieces.


Innate Abilities, Weirdness & Mutations

You have large cloven feet.
You are partially covered in molten scales. (AC +2)
You may rarely emit foul miasma when damaged in melee.
You are mostly covered in sharp spines.


   Skills:
 + Level 6.6 Fighting
 * Level 8.0 Polearms
 + Level 5.6 Armour
 - Level 4.0 Dodging
 + Level 8.2 Invocations


You had 8 spell levels left.
You didn't know any spells.
Your spell library contained the following spells:

 Spells                   Type           Power      Damage    Failure   Level
 Freeze                   Ice            0%         1d3       100%        1
 Magic Dart               Conj           0%         1d3       100%        1
 Summon Small Mammal      Summ           0%         N/A       100%        1
 Call Imp                 Summ           0%         N/A       100%        2
 Searing Ray              Conj           0%         3d3       100%        2
 Call Canine Familiar     Summ           0%         N/A       100%        3
 Confusing Touch          Hex            0%         N/A       100%        3
 Dazzling Flash           Conj/Hex       0%         N/A       100%        3
 Frozen Ramparts          Ice            0%         1d2       100%        3
 Gell's Gravitas          Tloc           0%         N/A       100%        3
 Ozocubu's Armour         Ice            0%         N/A       100%        3
 Summon Guardian Golem    Hex/Summ       0%         N/A       100%        3
 Fulminant Prism          Conj/Hex       0%         3d6       100%        4
 Hailstorm                Conj/Ice       0%         3d3       100%        4
 Iskenderun's Mystic Bla  Conj/Tloc      0%         2d3       100%        4
 Petrify                  Tmut/Erth      0%         N/A       100%        4
 Summon Ice Beast         Ice/Summ       0%         N/A       100%        4
 Summon Lightning Spire   Summ/Air       0%         N/A       100%        4
 Metabolic Englaciation   Hex/Ice        0%         N/A       100%        5
 Yara's Violent Unravell  Hex/Tmut       0%         3d3       100%        5

Inventory:

Hand Weapons
 g - a +5 spear of freezing (weapon)
   (You took it off a wight on level 7 of the Dungeon)
 p - a +2 hand axe of flaming
   (You took it off an orc on level 4 of the Dungeon)
Missiles
 b - 198 stones
 h - 92 arrows
 s - 49 bolts
 A - 2 throwing nets {=f!f}
 C - 5 poisoned darts
Armour
 k - a +0 plate armour (worn)
   (You took it off an orc warrior on level 3 of the Dungeon)
 r - a +1 helmet (worn)
   (You found it on level 3 of the Dungeon)
Jewellery
 c - an amulet of magic regeneration (around neck)
   (You found it on level 2 of the Abyss)
 E - a +4 ring of evasion (right hand)
   (You found it on level 3 of the Dungeon)
 L - a ring of flight (left hand)
   (You found it on level 6 of the Dungeon)
 W - a ring of magical power
   (You found it on level 4 of the Dungeon)
Wands
 d - a wand of digging (3)
   (You found it on level 2 of the Abyss)
 w - a wand of acid (3)
   (You took it off Ijyb on level 5 of the Dungeon)
 B - a wand of flame (27)
   (You found it on level 5 of the Dungeon)
Scrolls
 e - 3 scrolls of fog
 f - 2 scrolls of vulnerability {!r!r}
 j - 2 scrolls of magic mapping {!r}
 n - 2 scrolls of summoning
 o - 2 scrolls of silence {!r}
 q - a scroll of enchant weapon
 u - a scroll of torment {!r}
 v - 2 scrolls of teleportation {@r4}
 y - a scroll of fear
 z - 4 scrolls of amnesia
 F - a scroll of enchant armour
 H - a scroll of immolation {!r!r}
Potions
 a - 2 potions of flight
 i - 3 potions of brilliance
 l - a potion of resistance {unknown}
 m - a potion of degeneration {unknown}
 t - 2 potions of magic {unknown}
 x - a potion of curing {@q1}
 D - a potion of cancellation {unknown}
 I - a potion of berserk rage {unknown}
 J - 2 potions of attraction {unknown}

Dungeon Overview and Level Annotations

Branches:
Dungeon (8/15)             Temple (0/1) D:5            Lair (0/6) D:8
Ossuary (visited)

Altars:
Gozag
Makhleb
Qazlal
Uskayaw
Xom

Annotations:
D:8 Prince Ribbit

*,,,,,,,,,,,,,*,,,,,*,,,,
*,,,.......,,.#,,,,,*,,,,
*,,,,.....,,..#,,,,,*,,,,
*,,,,.....,,..#,,,,,*,,,,
*,,,,,....,,..#***+**,,,,
***#####'###'###,,,,,,,,,
#............,,,,,,,,,
#........#*,,,,,,**,,,
*****#...{@...##*,,,,***,,,
*,,.........#..##*,,***,,,,
*,*##########...##****,,..#
*,* #....# *,....# **,**
#....# *,,...+ **,,,**
#...#####*,...# **,,,,,**
##..###..##*...# *,,,,,,,*
#..###....###.## *,,,,,,,**
#..##......##.#.


There were no monsters in sight!


Message History

Something draws life force from you!
* * * LOW HITPOINT WARNING * * *
😨 HP[-10]
You take 10 damage, and now have 32/71 hp.
You miss something. Something hits you but does no damage.
Something bites you but does no damage.
You hit something but do no damage. You kick something. 😨 HP[+1]
You hit something but do no damage. Your kick misses something.
Something hits you.
* * * LOW HITPOINT WARNING * * *
You emit a cloud of foul miasma!
Something bites you.
* * * LOW HITPOINT WARNING * * *
Something draws strength from your injuries! 😨 HP[-9]
You take 9 damage, and now have 24/71 hp.
You hit something but do no damage. Something hits you but does no damage.
Something bites you!
* * * LOW HITPOINT WARNING * * *
Something draws strength from your injuries! 😱 HP[-9]
You take 9 damage, and now have 15/71 hp.
You feel much better. Something hits you.
* * * LOW HITPOINT WARNING * * *
Something bites you but does no damage. 😨 HP[+17]
You regained 17 hp, and now have 32/71 hp.
You barely miss something. Something hits you but does no damage.
Something bites you.
* * * LOW HITPOINT WARNING * * *
Something draws strength from your injuries! 😨 HP[-4]
You take 4 damage, and now have 28/71 hp.
You hit something but do no damage. You closely miss something.
Your kick misses something. Something hits you but does no damage.
Something bites you!
* * * LOW HITPOINT WARNING * * *
Something draws strength from your injuries! 😨 HP[-9]
You take 9 damage, and now have 19/71 hp.
You hit something but do no damage. Your kick misses something.
Something hits you.
* * * LOW HITPOINT WARNING * * *
Something bites you!
* * * LOW HITPOINT WARNING * * *
Something draws strength from your injuries! 😱 HP[-12]
You take 12 damage, and now have 7/71 hp.
You feel much better. Something completely misses you.
Something bites you but does no damage. 😨 HP[+15]
You regained 15 hp, and now have 22/71 hp.
You hit something but do no damage. Your kick misses something.
You hit something. Something hits you but does no damage.
Something bites you but does no damage.
You closely miss something. You kick something. Something hits you.
* * * LOW HITPOINT WARNING * * *
Something bites you but does no damage. 😨 HP[-2]
You take 2 damage, and now have 20/71 hp.
Your plate armour prevents you from hitting something.
You kick something. You hit something. You freeze something.
Your kick misses something.
You hear some strange, mumbled words.
Something tries to affect you, but you resist. 😨 HP[+1]
Your plate armour prevents you from hitting something.
You kick something.
You hear some strange, mumbled words.
You are confused.
You feel better. Something hits you but does no damage. Something bites you.
* * * LOW HITPOINT WARNING * * *
Something draws strength from your injuries! 😨 HP[+7]
You regained 7 hp, and now have 28/71 hp.
You puncture something! Your kick misses something.
Something draws life force from you!
* * * LOW HITPOINT WARNING * * *
😱 HP[-15]
You take 15 damage, and now have 13/71 hp.
MASSIVE DAMAGE!! (PAUSE)
You hit something. You kick something. You hit something.
Your kick misses something. Something hits you.
* * * LOW HITPOINT WARNING * * *
Something bites you but does no damage. 😱 HP[-1]
You take 1 damage, and now have 12/71 hp.
You feel better. Something hits you but does no damage.
Something bites you but does no damage. 😨 HP[+8]
You regained 8 hp, and now have 20/71 hp.
You barely miss something. Your kick misses something. Something hits you!
* * * LOW HITPOINT WARNING * * *
Something bites you but does no damage. 😱 HP[-10]
You take 10 damage, and now have 10/71 hp.
You feel better. Something hits you!
* * * LOW HITPOINT WARNING * * *
Something bites you.
You die...

Skill      XL: |  1  2  3  4  5  6  7  8  9 |
---------------+----------------------------+-----
Dodging        | 1 2 3 4 |  4.0
Polearms       | 2 3 4 5 6 8 |  8.0
Armour         | 2 3 4 5 |  5.6
Invocations    | 3 4 5 6 8 |  8.2
Fighting       | 4 5 6 |  6.6

Action                   |  1- 3 |  4- 6 |  7- 9 || total
-------------------------+-------+-------+-------++-------
Melee: Spear             |   101 |    71 |   418 ||   590
       Hand axe          |       |    48 |    69 ||   117
       Kick              |       |    16 |    90 ||   106
Invok: Depart the Abyss  |     1 |       |       ||     1
       Bend Space        |       |       |     1 ||     1
  Use: Scroll            |    10 |     1 |    10 ||    21
       Potion            |       |       |     7 ||     7
Armor: Chain mail        |    47 |    57 |    13 ||   117
       Skin              |       |       |    20 ||    20
       Plate armour      |       |       |   157 ||   157
Dodge: Dodged            |    20 |    36 |   100 ||   156

Levels and vault maps discovered:
D:1:      dpeg_arrival_court, layout_basic, basic_ecumenical_altar
D:2:      layout_rooms
D:3:      layout_rooms, minmay_fractal_squares_gapless_5
D:4:      layout_loops_ring, overflow_temple_1_default, general_overflow_altar,
          grunt_qazlal_clouds
D:5:      layout_basic, minmay_temple_entry_glassed_door,
          hangedman_decor_points, chequers_serial_rivers_large_b,
          roderic_lattice_a, uniq_blork_the_orc, uniq_ijyb, uniq_edmund,
          uniq_grinder
D:6:      layout_cave_pools, nicolae_overflow_crystal_walls,
          nicolae_gozag_seed_capital
D:7:      layout_basic, nicolae_overflow_hidden_temple
D:8:      layout_gridville, kennysheep_mini, david_lair_shrubbed,
          enter_ossuary_5, minivault_19, uniq_prince_ribbit1, uniq_maggie

Notes
Turn   | Place    | Note
-------+----------+-------------------------------------------
     0 | Abyss:1  | spiderkeys the Demonspawn Abyssal Knight began the quest
                  | for the Orb.
     0 | Abyss:1  | Reached XP level 1. HP: 18/18 MP: 2/2
     0 | Abyss:1  | magus.rc [v1.9.10]
    50 | Abyss:1  | Found a corrupted altar of Lugonu.
    99 | Abyss:3  | Noticed a large abomination
   106 | Abyss:3  | Noticed a spatial vortex
   110 | Abyss:3  | Noticed a large abomination
   114 | D:1      | You pass through the gate.
   114 | D:1      | Escaped the Abyss
   473 | D:1      | Identified a scroll of acquirement
   473 | D:1      | Acquired 1036 gold pieces
   499 | D:1      | Reached skill level 1 in Dodging
   530 | D:1      | Reached skill level 2 in Polearms
   535 | D:1      | Gained mutation: You are partially covered in sharp spines.
                  | [demonic ancestry]
   535 | D:1      | Reached XP level 2. HP: 22/24 MP: 4/4
   588 | D:1      | You pick up a book of Misfortune and begin reading...
   588 | D:1      | You add the spells Confusing Touch, Gell's Gravitas,
                  | Petrify, Metabolic Englaciation and Yara's Violent
                  | Unravelling to your library.
   769 | D:1      | Found a faded altar of an unknown god.
   853 | D:1      | Reached * piety under Lugonu
  1044 | D:1      | Reached skill level 2 in Armour
  1465 | D:2      | Reached XP level 3. HP: 22/29 MP: 5/5
  1782 | D:2      | Reached skill level 3 in Invocations
  2384 | D:3      | Noticed an orc warrior
  2416 | D:4      | Reached XP level 4. HP: 31/35 MP: 6/6
  2503 | D:4      | Reached skill level 3 in Polearms
  2503 | D:4      | Found a stormy altar of Qazlal.
  2602 | D:4      | Found a hide-covered altar of Uskayaw.
  2616 | D:4      | Found a burning altar of Makhleb.
  2679 | D:4      | Reached skill level 2 in Dodging
  2679 | D:4      | Gained mutation: You have large cloven feet. [demonic
                  | ancestry]
  2679 | D:4      | Reached XP level 5. HP: 36/41 MP: 7/7
  3532 | D:3      | Reached ** piety under Lugonu
  3813 | D:3      | Gained mutation: You are partially covered in molten
                  | scales. (AC +2) [demonic ancestry]
  3813 | D:3      | Reached XP level 6. HP: 46/48 MP: 8/8
  3840 | D:3      | Killed an orc warrior
  3841 | D:3      | Reached skill level 4 in Fighting
  3841 | D:3      | Reached skill level 4 in Invocations
  3872 | D:3      | Reached skill level 4 in Polearms
  3872 | D:3      | Reached skill level 3 in Armour
  4090 | D:3      | Gained mutation: You may rarely emit foul miasma when
                  | damaged in melee. [demonic ancestry]
  4090 | D:3      | Reached XP level 7. HP: 47/54 MP: 10/10
  4396 | D:3      | You pick up a book of Conjurations and begin reading...
  4396 | D:3      | You add the spells Magic Dart, Searing Ray, Dazzling Flash,
                  | Fulminant Prism and Iskenderun's Mystic Blast to your
                  | library.
  4734 | D:5      | Entered Level 5 of the Dungeon
  4887 | D:7      | Reached skill level 3 in Dodging
  4901 | D:7      | Reached skill level 5 in Invocations
  5202 | D:6      | Reached skill level 5 in Polearms
  5269 | D:5      | Gained mutation: You are mostly covered in sharp spines.
                  | [demonic ancestry]
  5269 | D:5      | Reached XP level 8. HP: 56/61 MP: 11/11
  5414 | D:5      | Noticed Ijyb
  5423 | D:5      | Killed Ijyb
  5590 | D:5      | Found a staircase to the Ecumenical Temple.
  5598 | D:5      | Noticed Edmund
  5608 | D:5      | Noticed Blork the orc
  5629 | D:5      | Killed Edmund
  5630 | D:5      | Reached skill level 5 in Fighting
  5630 | D:5      | Reached skill level 4 in Armour
  5631 | D:5      | Killed Blork the orc
  5812 | D:5      | Noticed Grinder
  5831 | D:5      | Killed Grinder
  5832 | D:5      | Reached skill level 6 in Polearms
  5832 | D:5      | Reached skill level 4 in Dodging
  5832 | D:5      | Reached skill level 6 in Invocations
  6037 | D:5      | Reached *** piety under Lugonu
  6164 | D:5      | Identified the +3 flail of Molurhe {drain, rCorr}
  6232 | D:5      | You pick up a book of Callings and begin reading...
  6232 | D:5      | You add the spells Summon Small Mammal, Call Imp, Call
                  | Canine Familiar, Summon Guardian Golem, Summon Lightning
                  | Spire and Summon Ice Beast to your library.
  6715 | D:6      | Reached XP level 9. HP: 53/69 MP: 14/14
  6889 | D:6      | Reached skill level 7 in Invocations
  7001 | D:6      | Found an opulent altar of Gozag.
  7159 | D:6      | Found a shimmering altar of Xom.
  7431 | D:7      | You pick up a book of Frost and begin reading...
  7431 | D:7      | You add the spells Freeze, Frozen Ramparts, Ozocubu's
                  | Armour and Hailstorm to your library.
  7496 | D:7      | Reached skill level 7 in Polearms
  7496 | D:7      | Reached skill level 5 in Armour
  7565 | D:7      | Reached skill level 6 in Fighting
  7757 | D:7      | You pick up a book of Misfortune and begin reading...
  8105 | D:8      | Found a sand-covered staircase.
  8110 | Ossuary  | Entered an ossuary
  8237 | Ossuary  | Reached **** piety under Lugonu
  8716 | D:8      | Noticed Maggie
  8728 | D:8      | Killed Maggie
  8729 | D:8      | Reached skill level 8 in Invocations
  8848 | D:8      | Noticed Prince Ribbit
  8867 | D:8      | Reached skill level 8 in Polearms
  8988 | D:8      | HP: 15/71 [something (9)]
  8993 | D:8      | HP: 17/71 [something (3)]
  8993 | D:8      | HP: 7/71 [something (10)]
  9002 | D:8      | HP: 13/71 [something (15)]
  9007 | D:8      | HP: 6/71 [something (9)]
  9007 | D:8      | Slain by a vampire

Vanquished Creatures
  Maggie (D:8)
  Grinder (D:5)
  Edmund (D:5)
  2 orc warriors
  3 ice beasts
  2 sky beasts (D:6)
  A black bear (D:3)
  2 ogres (D:5)
  A necrophage (D:6)
  A phantom (D:7)
  A kobold brigand (D:7)
  Blork the orc (D:5)
  A wyvern zombie (D:7)
  A water moccasin zombie (D:7)
  A scorpion (D:7)
  A troll zombie (Ossuary)
  5 wights (D:7)
  3 centaur zombies
  A jelly (D:6)
  6 hounds
  A bullfrog skeleton (D:6)
  6 orc priests
  A centaur skeleton (D:4)
  Ijyb (D:5)
  3 iguanas
  5 orc wizards
  2 ogre zombies (Ossuary)
  A hound skeleton (D:4)
  7 mummies (Ossuary)
  2 howler monkey zombies
  4 gnolls (D:7)
  3 howler monkey skeletons
  10 adders
  A white imp (D:4)
  2 ufetubi
  3 adder zombies (Ossuary)
  4 worms
  4 dart slugs
  28 orcs
  A ball python (D:1)
  7 bats
  3 endoplasms
  2 giant cockroaches (D:3)
  2 gnoll zombies (Ossuary)
  6 goblins
  8 hobgoblins
  A quokka (D:4)
  5 frilled lizards
  6 hobgoblin zombies (Ossuary)
  11 kobolds
  5 kobold zombies (Ossuary)
  3 quokka zombies (Ossuary)
  10 rats
  6 rat zombies (Ossuary)
200 creatures vanquished.

Table legend:
 A = Non-vault XP
 B = Vault XP
 C = Vault XP percentage of total XP
 D = Non-vault monster count
 E = Vault monster count
 F = Vault count percentage of total count
                 A         B        C        D         E       F
            +---------+---------+-------+---------+---------+-------
      Total |    3616 |    1364 |  27.4 |     154 |      46 |  23.0
            +---------+---------+-------+---------+---------+-------
        D:1 |      29 |       0 |   0.0 |      18 |       0 |   0.0
        D:2 |      45 |       0 |   0.0 |      19 |       0 |   0.0
        D:3 |     500 |      22 |   4.2 |      23 |       4 |  14.8
        D:4 |     270 |       0 |   0.0 |      23 |       0 |   0.0
        D:5 |     601 |     589 |  49.5 |      24 |       4 |  14.3
        D:6 |     850 |       0 |   0.0 |      17 |       0 |   0.0
        D:7 |    1165 |       0 |   0.0 |      25 |       0 |   0.0
        D:8 |     156 |     370 |  70.3 |       5 |       1 |  16.7
    Ossuary |       0 |     383 | 100.0 |       0 |      37 | 100.0
            +---------+---------+-------+---------+---------+-------

Illustrated notes

Table legend:
 A = Kills in this place as a percentage of kills in entire the game.
 B = Kills by you in this place as a percentage of kills by you in the entire game.
 C = Kills by friends in this place as a percentage of kills by friends in the entire game.
 D = Other kills in this place as a percentage of other kills in the entire game.
 E = Experience gained in this place as a percentage of experience gained in the entire game.
 F = Experience gained in this place divided by the number of levels of this place that you have seen.
                   A       B       C       D       E      F
               +-------+-------+-------+-------+-------+----------------------
         Total | 100.0 | 100.0 |   N/A |   N/A | 100.0 | 415.0
       Dungeon |  81.5 |  81.5 |   N/A |   N/A |  92.3 | 574.6
       Ossuary |  18.5 |  18.5 |   N/A |   N/A |   7.7 | 383.0
               +-------+-------+-------+-------+-------+----------------------

Table legend: (Time is in decaauts)
 A = Elapsed time spent in this place.
 B = Non-inter-level travel time spent in this place.
 C = Inter-level travel time spent in this place.
 D = Time resting spent in this place.
 E = Time spent auto-exploring this place.
 F = Levels seen in this place.
 G = Mean time per level.
                   A        B        C        D        E       F      G
               +--------+--------+--------+--------+--------+-----+--------+
         Total |   8962 |   8546 |    416 |   1046 |   5977 |  12 |  746.8 |
       Dungeon |   8298 |   7882 |    416 |   1046 |   5599 |   8 | 1037.2 |
         Abyss |    123 |    123 |      0 |      0 |      0 |   3 |   41.0 |
       Ossuary |    541 |    541 |      0 |      0 |    378 |   1 |  541.0 |
               +--------+--------+--------+--------+--------+-----+--------+

Top non-repeatable levels by time:
     D:4: 1529 daAuts
     D:5: 1437 daAuts
     D:1: 1333 daAuts
     D:7: 1229 daAuts
     D:3: 942 daAuts
     D:2: 866 daAuts
     D:6: 626 daAuts
 Ossuary: 541 daAuts
     D:8: 333 daAuts
 Abyss:1: 55 daAuts
 Abyss:2: 36 daAuts
 Abyss:3: 32 daAuts
